 Dungeon Crawl Stone Soup version 0.17-a0-1738-g82cdc46 (webtiles) character file.

2924 kae the Martial Artist (level 9, -2/65 (66) HPs)
             Began as a Demonspawn Monk on Aug 30, 2015.
             Was a Priest of Qazlal.
             Slain by a kobold
             ... wielding a +0 short sword
              (5 damage)
             ... on level 8 of the Dungeon.
             The game lasted 00:08:10 (8392 turns).

kae the Martial Artist (Demonspawn Monk)            Turns: 8392, Time: 00:08:10

HP:   -2/65 (66)    AC:  6    Str: 12    XL:     9   Next: 50%
MP:   9/9           EV: 13    Int: 17    God:    Qazlal [***...]
Gold: 424           SH:  4    Dex: 18    Spells: 0 memorised, 8 levels left

rFire  + . .     SeeInvis .       - Unarmed
rCold  + . .     Clarity  .     a - +0 robe
rNeg   . . .     SustAt   +     (no shield)
rPois  .         Gourm    .     z - +1 hat
rElec  .         Spirit   .     (no cloak)
rCorr  .         Warding  .     e - +0 pair of gloves
rMut   .         Stasis   .     (no boots)
MR     .....                    (no amulet)
Stlth  ++........               l - ring of sustain attributes
                                d - ring of protection from cold

@: brilliant, lethally poisoned (-2 -> -40), slowed, very slow, not resistant to
hostile enchantments, unstealthy
A: talons 2, rugged brown scales 2, demonic guardian 1, fire resistance 1
a: Upheaval, Elemental Force, Renounce Religion


You were on level 8 of the Dungeon.
You worshipped Qazlal.
Qazlal was most pleased with you.
You were hungry.

You visited 2 branches of the dungeon, and saw 9 of its levels.

You collected 424 gold pieces.

Inventory:

Armour
 a - a +0 robe (worn)
 e - a +0 pair of gloves (worn)
 j - a swamp dragon hide
 z - a +1 hat (worn)
Jewellery
 d - a ring of protection from cold (left hand)
 l - a ring of sustain attributes (right hand)
 y - an uncursed amulet of regeneration {unknown}
 H - an uncursed ring of protection from fire {unknown}
Magical devices
 I - a wand of enslavement (12)
Scrolls
 i - 3 scrolls of teleportation {unknown}
 n - 4 scrolls of remove curse {unknown}
 p - 4 scrolls of enchant armour {unknown}
 r - 4 scrolls of identify
 s - 2 scrolls of random uselessness {unknown}
 v - a scroll of amnesia {unknown}
 w - 2 scrolls of fog {unknown}
 B - a scroll of immolation {unknown}
 C - 2 scrolls of blinking {unknown}
 D - a scroll of brand weapon {unknown}
 E - a scroll of acquirement {unknown}
 M - a scroll of fear {unknown}
Potions
 c - 4 potions of might
 g - 2 potions of brilliance
 h - a potion of magic
 k - 4 potions of degeneration
 o - 4 potions of curing {unknown}
 t - a potion of poison
 u - 2 potions of invisibility {unknown}
 x - 2 potions of resistance {unknown}
 A - a potion of mutation {unknown}
 F - a potion of heal wounds {unknown}
 J - a potion of ambrosia {unknown}
 L - a potion of flight {unknown}
Books
 m - a book of Beasts

   Spells                             Type                      Level
   a - Summon Butterflies             Summoning                    1
   b - Call Canine Familiar           Summoning                    3
   c - Summon Ice Beast               Ice/Summoning                4
   d - Summon Mana Viper              Hexes/Summoning              5
   e - Summon Hydra                   Summoning                    7
Comestibles
 b - 9 bread rations
 f - 2 meat rations
 q - 2 royal jellies
 G - 2 beef jerkies
 K - 3 chunks of flesh


   Skills:
 - Level 3.0 Fighting
 - Level 2.6 Dodging
 - Level 1.7 Stealth
 + Level 12.3 Unarmed Combat


You had 8 spell levels left.
You didn't know any spells.

Dungeon Overview and Level Annotations

Branches:
Dungeon (8/15)             Temple (1/1) D:5
   Lair: D:8-11

Altars:
Ashenzari
Cheibriados
Dithmenos
Elyvilon
Fedhas
Gozag
Kikubaaqudgha
Makhleb
Nemelex Xobeh
Okawaru
Qazlal
Ru
Sif Muna
Trog
Vehumet
Xom
Yredelemnul
Zin
The Shining One


Innate Abilities, Weirdness & Mutations

You have razor-sharp toenails.
You are mostly covered in rugged brown scales (AC +2, +5% HP).
A weak demonic guardian rushes to your aid.
Your flesh is heat resistant.


Message History

It was a potion of brilliance.
You feel clever all of a sudden.
* * * LOW HITPOINT WARNING * * *
You feel very sick. You block the kobold's attack.
The big kobold completely misses you. The kobold closely misses you.
The kobold barely misses you.
The kobold shoots a curare-tipped needle.
The curare-tipped needle barely misses you.
The big kobold barely misses you. The kobold hits you but does no damage.
Unknown command.
Unknown command.
Drink which item? (? for menu, Esc to quit)
It was a potion of poison.
That liquid tasted very nasty...
You are more poisoned.
* * * LOW HITPOINT WARNING * * *
You feel very sick. The kobold hits you but does no damage.
The kobold hits you.
* * * LOW HITPOINT WARNING * * *
The kobold hits you but does no damage. The kobold hits you with a short sword.
You die...

######
#.....#.##.####.##
#.#######'......## #.#
#######+## ### .......#
#.. .......# #####.##
........
#....KK#+#######+##+#.
#...KKK'..........+.+.
#..KK@K#.........##.#.
......K§(#.##.##...##.#.
.........#.##+##....'.#.
.........+.+........#.'.
.........#.##+####+##.#.
######...#+# #.#. #...+
+.+. #...# #+#. ..


You could see a big kobold and 8 kobolds.

Vanquished Creatures
  A hippogriff (D:8)
  2 orc warriors
  A water moccasin (D:7)
  3 ogres
  3 ice beasts
  2 sky beasts
  4 big kobolds
  2 scorpions
  A water moccasin skeleton (D:7)
  A crimson imp (D:8)
  A jelly (D:7)
  A quasit (D:8)
  4 orc priests
  2 centaur zombies
  3 giant frog zombies
  3 orc wizards (D:7)
  2 giant frog skeletons (D:7)
  6 hounds
  2 iguanas
  3 worker ants
  2 hound zombies (D:5)
  2 hound skeletons
  A gnoll (D:1)
  A worker ant zombie (D:7)
  5 adders
  A shadow imp (D:8)
  4 oozes
  An adder zombie (D:7)
  2 worms
  2 adder skeletons (D:5)
  4 giant geckos
  26 orcs
  6 bats
  9 giant cockroaches
  12 hobgoblins
  3 jackals
  13 kobolds
  5 quokkas
  A ball python (D:1)
  6 giant newts
  11 goblins
  A quokka skeleton (D:4)
  8 rats
173 creatures vanquished.

Vanquished Creatures (collateral kills)
  A water moccasin (D:8)
  A necrophage (D:6)
  A centaur (D:7)
  A giant frog (D:6)
4 creatures vanquished.

Grand Total: 177 creatures vanquished

Notes
Turn   | Place    | Note
--------------------------------------------------------------
     0 | D:1      | kae the Demonspawn Monk began the quest for the Orb.
     0 | D:1      | Reached XP level 1. HP: 18/18 MP: 1/1
    51 | D:1      | Reached skill level 4 in Unarmed Combat
    51 | D:1      | Gained mutation: You are partially covered in rugged brown scales (AC +1, +3% HP). [demonic ancestry]
    51 | D:1      | Reached XP level 2. HP: 12/24 MP: 2/2
   678 | D:1      | Gained mutation: You have sharp toenails. [demonic ancestry]
   678 | D:1      | Reached XP level 3. HP: 25/29 MP: 3/3
  1512 | D:2      | Reached skill level 5 in Unarmed Combat
  1679 | D:2      | Gained mutation: You have razor-sharp toenails. [demonic ancestry]
  1679 | D:2      | Reached XP level 4. HP: 24/36 MP: 4/4
  1997 | D:3      | HP: 1/36 [orc/flail of protection (7)]
  2157 | D:3      | Found a shadowy altar of Dithmenos.
  2570 | D:3      | Noticed an ogre
  2582 | D:3      | Killed an ogre
  2582 | D:3      | Reached skill level 6 in Unarmed Combat
  2582 | D:3      | Gained mutation: You are mostly covered in rugged brown scales (AC +2, +5% HP). [demonic ancestry]
  2582 | D:3      | Reached XP level 5. HP: 28/43 MP: 5/5
  3419 | D:4      | Found a sacrificial altar of Ru.
  3677 | D:4      | Reached XP level 6. HP: 49/49 MP: 6/6
  4011 | D:5      | Entered Level 5 of the Dungeon
  4017 | D:5      | Found a staircase to the Ecumenical Temple.
  4065 | Temple   | Entered the Ecumenical Temple
  4085 | Temple   | Became a worshipper of Qazlal Stormbringer
  4085 | Temple   | Acquired Qazlal's first power
  4085 | Temple   | Acquired Qazlal's second power
  4240 | D:5      | Reached skill level 7 in Unarmed Combat
  4565 | D:5      | Gained mutation: Your flesh is heat resistant. [demonic ancestry]
  4565 | D:5      | Reached XP level 7. HP: 45/54 MP: 7/7
  4600 | D:5      | Reached skill level 8 in Unarmed Combat
  5200 | D:5      | Found a sparkling altar of Nemelex Xobeh.
  5202 | D:5      | Reached skill level 9 in Unarmed Combat
  5639 | D:5      | Gained mutation: A weak demonic guardian rushes to your aid. [demonic ancestry]
  5639 | D:5      | Reached XP level 8. HP: 30/60 MP: 8/8
  6254 | D:6      | Reached skill level 10 in Unarmed Combat
  6964 | D:7      | Reached skill level 11 in Unarmed Combat
  6980 | D:7      | Acquired Qazlal's third power
  7403 | D:7      | Reached XP level 9. HP: 52/65 MP: 9/9
  7872 | D:7      | Found a radiant altar of Vehumet.
  8221 | D:8      | Reached skill level 12 in Unarmed Combat
  8392 | D:8      | HP: 3/65 [kobold (2)]
  8392 | D:8      | Slain by a kobold

Vault maps used:
D:1:      minmay_arrival_cross, amethyst_killhole, minmay_three_crescents
D:2:      serial_aquarium, aquarium_bridge_square, aquarium_bridge_square,
          aquarium_window_corner, aquarium_window_fake, aquarium_view_2e,
          aquarium_pool_1, first_bread, minmay_ruptured
D:3:      nicolae_overflow_hidden_temple
D:4:      lemuel_round_altar
D:5:      temple_pool_a, nemelex_dance_club_becter
D:7:      lemuel_crystal_altar
D:8:      special_room
Temple:   lightli_temple_of_artemis

Action                   |  1- 3 |  4- 6 |  7- 9 || total
-------------------------+-------+-------+-------++-------
Melee: Unarmed           |   193 |   183 |   367 ||   743
Invok: Upheaval          |       |       |     2 ||     2
  Use: Scroll            |     3 |       |       ||     3
       Potion            |       |       |     2 ||     2
 Stab: Sleeping          |     6 |     5 |       ||    11
       Distracted        |       |       |     1 ||     1
  Eat: Chunk             |     2 |     8 |    10 ||    20
       Royal jelly       |       |     1 |       ||     1
       Beef jerky        |       |       |     1 ||     1
